FIQ, neutral male scurrid Tourist }}}}}}}}}}}}}}}}}}}}}}}}x}}}}}}}}}}}}}}}}}}}}}}}}}}}}}}}}}}}}}}}}}}} -}}}}}}}}}}}}}}}}}}}}}}}}}}}}}}}}}}}}}}}}}}}}}}}}}}}}}}}}}}}}}}}} -}}}}}}}}}}}}......}}}}}}}}}}}}}}}}}}......}}}}}}}}}}}}..}}}}}}} -}}}}}}}}.......<..}}}}}}}}}}}}}}..........}}}}}}}}}....}}}}}} |}}}}}}...Cl........?}}}}}}}}..............}}}}}}}}....}}}}}} |e}}}}.........?...............i.....>......}}}}}}}}}..}}}}}} |}}}}...j.......e....%s...............[....}}}}}}}}}}}}}}}}} |}}}.......^............u.......!...........}}}}}}}}}}}}}}}} |}}}..!.S..............^.....q.q...........Z}}}}}}}}}}}}}}}} | ...c.r........i..).....o.......}}}}}}}}}}}}}}}} |}}}...)..... `.*.F..q............}}}}}}}}}}}}}i}} +}}}.....o.....G...F........M...............}}}}}}}}}}}}}}r}} |}}}...l..o...............................(.}}}}}}}}}}}}}}}}} |}}}}(..............................[......}}}}}}}}}}}}}}}}}} |}}}}................*..................M..}}}}}}}}}}}}}}}}} |}}}}}..............}}}}}}}}...(..dd......}}}}}..}}}}}}}}}}} |}}}}}}..........}}}}}}}}}}}}}}......d...}}}}}}....}}}}}}}}} |}}}}}}}}......}}}}}}}}}}}}}}}}}}......}}}}}}}}}......}}}}}} FIQ the Rambler Experience level: 1 Strength: 14 Dexterity: 14 Constitution: 13 Intelligence: 11 Wisdom: 10 Charisma: 12 Health: 0(9) Energy: 2(2) Def: 0 Gold: 954 Moves: 36 Dungeon seed: 9MkV01sUJ8XXub4I Game ID: FIQ_1498600692 Your Inventory: Coins $ - 954 gold pieces Weapons a - 43 uncursed thoroughly rusty +2 darts (in quiver) Armor e - an uncursed +0 Hawaiian shirt (being worn) Comestibles b - an uncursed chestnut c - 4 uncursed tripe rations d - an uncursed food ration f - an uncursed cream pie g - an uncursed banana h - an uncursed lembas wafer i - 2 uncursed candy bars Scrolls k - 4 uncursed scrolls of blank paper Potions j - 2 uncursed potions of water Wands n - an uncursed wand of secret door detection (0:13) Tools l - an uncursed expensive camera (0:74) m - an uncursed credit card o - an uncursed thoroughly rusty tin opener Spells and supernatural/magical abilities: Name Level Category Fail Memory W - pray for help -- divine ? -- Your skills at the end: Miscellaneous Skills wands [Basic] Weapon Skills dart [Basic] Spellcasting Skills Final Attributes: You were devoutly aligned. You had infravision. You were very stealthy. You are dead. Voluntary challenges: You went without food. You did not adorn yourself with jewelry or accessories. You did not cause conflict. You were not invisible. You did not have reflection. You were not displaced. You were an atheist. You never hit with a wielded weapon. You were a pacifist. You did not use tools. You did not use plumbed fixtures. You did not drink any magical draughts. You were illiterate. You never genocided any monsters. You never polymorphed an object. You never changed form. You used no wishes. You never split a pudding. You never wrote Elbereth's name. You never violated your personal moral code. Dungeon overview: The Dungeons of Doom: levels 1 to 13 Level 1 a long staircase Level 2 Level 3 Level 4 Level 5 Level 6 Level 7 Level 8 Level 9 Level 10 Level 11 Level 12 Level 13 <- You were here History has recorded: On T:1 you entered the Dungeons of Doom to retrieve the Amulet of Yendor! On T:4 you reached level 2 of The Dungeons of Doom. On T:7 you reached level 3 of The Dungeons of Doom. On T:9 you reached level 4 of The Dungeons of Doom. On T:11 you reached level 5 of The Dungeons of Doom. On T:13 you reached level 6 of The Dungeons of Doom. On T:16 you reached level 7 of The Dungeons of Doom. On T:18 you reached level 8 of The Dungeons of Doom. On T:20 you reached level 9 of The Dungeons of Doom. On T:22 you reached level 10 of The Dungeons of Doom. On T:26 you reached level 11 of The Dungeons of Doom. On T:28 you reached level 12 of The Dungeons of Doom. On T:31 you reached level 13 of The Dungeons of Doom. Score breakdown: Gold: 0 ( 0 points) Experience: 1 level ( 0 points) Exploration: 13 levels ( 360 points) Discoveries: 2 items ( 100 points) Variety of kills: 0 monsters ( 0 points) Major goal: (nothing yet) ( 0 points) Survival: died (score multiplied by 3) Total score: 1380 Latest messages: Pheew! That was close. The homunculus bites! Suddenly, the raven disappears out of sight. A board beneath the giant spider squeaks loudly. That command is only available in debug mode. You fall into the water! You sink like a rock. Your darts rust further! Your tin opener rusts completely! You try to crawl out of the water. Pheew! That was close. That command is only available in debug mode. You fall into the water! You sink like a rock. Your darts rust completely! You try to crawl out of the water. Pheew! That was close. The homunculus bites! The gelatinous cube eats a boomerang! A board beneath the warhorse squeaks loudly. That command is only available in debug mode. You fall into the water! You sink like a rock. You try to crawl out of the water. Pheew! That was close. The homunculus bites! You die... Final status: Aloha FIQ the Tourist, killed by a homunculus... You died in The Dungeons of Doom on dungeon level 13 with 1380 points, and 954 pieces of gold, after 36 moves. You were level 1 with a maximum of 9 hit points when you died.